 Dungeon Crawl Stone Soup version 0.25-a0-265-g7af84ae0ac (webtiles) character file.

Game seed: 3125893154947911120, levelgen mode: deterministic

58734 floatRand the Cardsharp (level 14, -4/102 HPs)
             Began as a Demonspawn Fighter on Dec 7, 2019.
             Was a High Priest of Nemelex Xobeh.
             Slain by a four-headed hydra (5 damage)
             ... while petrified by a basilisk
             ... on level 6 of the Lair of Beasts.
             The game lasted 00:24:45 (16613 turns).

floatRand the Cardsharp (Demonspawn Fighter)       Turns: 16613, Time: 00:24:46

Health: -4/102     AC: 13    Str: 29    XL:     14   Next: 50%
Magic:  0/25       EV:  2    Int:  9    God:    Nemelex Xobeh [*****.]
Gold:   832        SH:  0    Dex: 14    Spells: 13/13 levels left

rFire    . . .     SeeInvis +   t - +5 trident (freeze)
rCold    . . .     Gourm    .   c - +0 shield
rNeg     + + +     Faith    .   L - +4 ring mail "Ecloiz" {rPois MR+ Dex-3 SInv}
rPois    ∞         Spirit   +   (helmet unavailable)
rElec    .         Reflect  .   (no cloak)
rCorr    .         Harm     .   A - +1 pair of gloves
MR       ++...                  E - +0 pair of boots
Stlth    +++.......             y - amulet of guardian spirit
HPRegen  0.27/turn              e - +6 ring of strength
MPRegen  0.19/turn              u - +5 ring of strength

@: petrified
A: antennae 3, large bone plates 1, demonic guardian 2, foul stench 1, robust 1,
rot immunity
a: Draw Escape, Draw Destruction, Draw Summoning, Triple Draw, Deal Four, Stack
Five, Renounce Religion


You were on level 6 of the Lair of Beasts.
You worshipped Nemelex Xobeh.
Nemelex Xobeh was extremely pleased with you.
You were not hungry.

You visited 3 branches of the dungeon, and saw 17 of its levels.
You also visited: Volcano.

You collected 1186 gold pieces.
You spent 354 gold pieces at shops.

Inventory:

Hand Weapons
 a - a +0 trident
 b - a +2 eveningstar of flaming
 m - a +0 spear of piercing
 t - a +5 trident of freezing (weapon)
 J - a +0 executioner's axe of freezing
Armour
 c - a +0 shield (worn)
 r - a +1 scale mail of cold resistance
 A - a +1 pair of gloves (worn)
 E - a +0 pair of boots (worn)
 I - a +2 chain mail of fire resistance
 K - a +2 plate armour of fire resistance
 L - the +4 ring mail "Ecloiz" (worn) {rPois MR+ Dex-3 SInv}
   (You found it on level 3 of the Lair of Beasts)

   It affects your dexterity (-3).
   It protects you from poison.
   It affects your resistance to hostile enchantments.
   It lets you see invisible.
Jewellery
 e - a +6 ring of strength (left hand)
 u - a +5 ring of strength (right hand)
 y - an amulet of guardian spirit (around neck)
 F - an uncursed ring of fire
 N - an uncursed amulet of rage
Wands
 j - a wand of polymorph (10)
 w - a wand of acid (6)
 x - a wand of digging (7)
 z - a wand of flame (32)
 B - a wand of paralysis (9)
 M - a wand of clouds (7)
Scrolls
 l - 3 scrolls of teleportation
 o - 10 scrolls of remove curse
 p - 3 scrolls of blinking
 q - a scroll of fog
 H - 2 scrolls of amnesia
 P - a scroll of identify
Potions
 d - 4 potions of might
 g - 3 potions of agility
 h - 7 potions of brilliance
 i - 2 potions of berserk rage
 k - 6 potions of resistance {unknown}
 n - 8 potions of curing
 s - 2 potions of flight
 v - 2 potions of heal wounds
 C - a potion of cancellation
 D - 2 potions of haste
 G - a potion of invisibility {unknown}
 O - a potion of lignification {unknown}
Comestibles
 f - 31 rations


   Skills:
 - Level 3.0 Fighting
 + Level 12.4 Polearms
 + Level 3.9 Armour
 + Level 2.4 Dodging
 + Level 8.8 Stealth
 + Level 12.5 Shields
 + Level 15.1 Invocations


You had 13 spell levels left.
You didn't know any spells.
Your spell library contained the following spells:

 Spells                   Type           Power        Failure   Level  Hunger
 Confusing Touch          Hex            #.....       61%         1    ##.....
 Freeze                   Ice            #...         61%         1    ##.....
 Sandblast                Erth           #.....       61%         1    ##.....
 Passwall                 Tmut/Erth      #.......     75%         2    ###....
 Confuse                  Hex            #.......     93%         3    ####...
 Gell's Gravitas          Tloc           #.........   93%         3    ####...
 Ozocubu's Armour         Chrm/Ice       #.......     93%         3    ####...
 Stone Arrow              Conj/Erth      #.....       93%         3    ####...
 Hailstorm                Conj/Ice       #.......     100%        4    #####..
 Petrify                  Tmut/Erth      #.......     100%        4    #####..
 Summon Ice Beast         Ice/Summ       #.......     100%        4    #####..
 Lee's Rapid Deconstruct  Erth           #.........   100%        5    ######.
 Metabolic Englaciation   Hex/Ice        #.........   100%        5    ######.
 Yara's Violent Unravell  Hex/Tmut       #.........   100%        5    ######.


Dungeon Overview and Level Annotations

Branches:
Dungeon (10/15)            Temple (1/1) D:7            Lair (6/6) D:8
 Shoals (0/4) Lair:3       Spider (0/4) Lair:2          Orc (0/2) D:10
Volcano (visited)
  Slime: Lair:5-6

Altars:
Ashenzari
Dithmenos
Elyvilon
Gozag
Hepliaklqana
Nemelex Xobeh
Okawaru
Qazlal
Ru
Sif Muna
Uskayaw
Vehumet
Wu Jian
Xom
Yredelemnul
Zin
The Shining One

Shops:
D:5 :   D:7 ?

Annotations:
D:7 1 runed translucent door, emiel's ghost, novice KoHu
D:8 2 transporters, grouchysmurf's ghost, novice OgSk


Innate Abilities, Weirdness & Mutations

You have a pair of large antennae on your head. (SInv)
You are partially covered in large bone plates. (SH +4)
A demonic guardian rushes to your aid.
You may emit foul miasma when damaged in melee.
You are robust. (+10% HP)
You are immune to rotting.


Message History

The basilisk looks even sicker.
The basilisk seems to slow down.
The basilisk bites you.
* * * LOW HITPOINT WARNING * * *
Your orange demon barely misses the basilisk.
The four-headed hydra bites you but does no damage. x2
The four-headed hydra bites you!
* * * LOW HITPOINT WARNING * * *
The four-headed hydra bites you!
* * * LOW HITPOINT WARNING * * *
The basilisk is engulfed in dark miasma.
The basilisk looks even sicker.
The basilisk bites you but does no damage.
Your orange demon stings the basilisk from afar.
Your ice devil barely misses the basilisk.
The four-headed hydra bites you but does no damage.
The four-headed hydra bites you.
* * * LOW HITPOINT WARNING * * *
The four-headed hydra bites you!
You die...
Your body glows with a rainbow of weird colours and disappears.

#......
##†....
#..... ##.†.#
#...# ##...#
#†44#.# #l%⌠#
# #@..# ##D.#
......†.F..#
......##....#
......
!#......
.P#.. ......
. ##. ##....
# #... #.⌠


You could see a four-headed hydra, a spiny frog, a basilisk, a friendly orange
demon and a friendly ice devil.

Vanquished Creatures
  4 hydras
  3 death yaks
  A queen ant (Lair:4)
  Sonja (Lair:3)
  An unseen horror (D:10)
  2 oklob plants (Lair:3)
  A wolf spider (Lair:2)
  A manticore (D:8)
  A salamander (Volcano)
  6 black mambas
  7 spiny frogs
  A rime drake (Lair:5)
  2 komodo dragons
  3 jumping spiders (Lair:2)
  A hornet (D:7)
  5 blink frogs
  6 hippogriffs
  A snapping turtle (Lair:3)
  A wyvern (Lair:2)
  4 yaks (Lair:4)
  3 hogs (Lair:6)
  2 hungry ghosts
  2 basilisks
  A fire bat (Volcano)
  4 wargs (D:10)
  2 water moccasins
  12 soldier ants (Lair:3)
  3 porcupines
  4 hell hounds
  3 black bears
  3 ice beasts (D:10)
  4 orc warriors
  2 phantoms
  3 sky beasts
  4 centaurs
  An ogre (shapeshifter) (D:9)
  5 ogres
  3 wolves (Lair:1)
  10 crocodiles
  5 big kobolds
  4 bullfrogs
  A scorpion (D:8)
  6 killer bees (D:10)
  6 wights
  An electric eel (Lair:3)
  5 crimson imps
  4 howler monkeys
  2 centaur zombies
  3 hounds
  3 jellies (D:8)
  A quasit (D:9)
  A bullfrog zombie (D:5)
  4 centaur skeletons
  7 orc priests
  A gnoll shaman (D:3)
  10 orc wizards
  An iguana (D:10)
  32 worker ants
  A hound skeleton (D:4)
  A hound zombie (D:7)
  2 howler monkey zombies
  9 gnolls
  10 adders
  A river rat (D:10)
  A shadow imp (D:7)
  6 oozes
  2 worms
  3 dart slugs
  5 leopard geckos
  33 orcs
  3 giant cockroaches
  8 goblins
  4 hobgoblins
  6 jackals
  5 quokkas
  A ball python (D:1)
  A bat (D:1)
  8 frilled lizards
  A giant cockroach zombie (D:5)
  A jackal skeleton (D:4)
  47 kobolds
  A leopard gecko zombie (D:5)
  2 quokka zombies
  7 rats
389 creatures vanquished.

Vanquished Creatures (collateral kills)
  Kirke (Lair:6)
  A minotaur (Lair:5)
  2 queen ants
  A two-headed ogre (Volcano)
  A death yak (Lair:5)
  An oklob plant (Lair:3)
  A salamander (Volcano)
  5 elephants (Lair:5)
  2 black mambas (Lair:2)
  A spiny frog (Lair:1)
  3 blink frogs (Lair:2)
  A hog (Lair:6)
  A water moccasin (D:10)
  A porcupine (Lair:2)
  An orc warrior (D:9)
  A sky beast (D:10)
  2 ogres
  An eye of draining (D:9)
  A crocodile (Lair:2)
  3 big kobolds (D:3)
  3 bullfrogs
  2 howler monkeys (D:8)
  2 wights (D:9)
  A centaur skeleton (D:7)
  An iguana (D:10)
  3 worker ants
  2 gnolls (D:10)
  An adder zombie (D:9)
  9 orcs
  A giant cockroach (D:5)
  A quokka (D:6)
  A plant (Lair:3)
58 creatures vanquished.

Vanquished Creatures (others)
  A two-headed ogre (Volcano)
  2 centaurs (Volcano)
  2 orcs (D:9)
  3 fungi
8 creatures vanquished.

Grand Total: 455 creatures vanquished

Notes
Turn   | Place    | Note
-------+----------+-------------------------------------------
     0 | D:1      | floatRand the Demonspawn Fighter began the quest for the
                  | Orb.
     0 | D:1      | Reached XP level 1. HP: 18/18 MP: 1/1
   251 | D:1      | Gained mutation: You are immune to rotting. [demonic
                  | ancestry]
   251 | D:1      | Reached XP level 2. HP: 14/24 MP: 2/2
  1038 | D:2      | Gained mutation: You are partially covered in large bone
                  | plates. (SH +4) [demonic ancestry]
  1038 | D:2      | Reached XP level 3. HP: 24/29 MP: 3/3
  1190 | D:2      | Noticed a big kobold
  1219 | D:2      | Killed a big kobold
  1219 | D:2      | Gained mutation: A weak demonic guardian rushes to your
                  | aid. [demonic ancestry]
  1219 | D:2      | Reached XP level 4. HP: 8/35 MP: 4/4
  2273 | D:3      | Found a shattered altar of Ashenzari.
  2289 | D:3      | Gained mutation: You have a pair of small antennae on your
                  | head. [demonic ancestry]
  2289 | D:3      | Reached XP level 5. HP: 41/41 MP: 5/5
  2725 | D:3      | Reached XP level 6. HP: 43/47 MP: 6/6
  2734 | D:3      | Reached skill level 5 in Shields
  2875 | D:3      | Reached skill level 5 in Polearms
  2883 | D:3      | Gained mutation: You may emit foul miasma when damaged in
                  | melee. [demonic ancestry]
  2883 | D:3      | Reached XP level 7. HP: 51/52 MP: 7/7
  4556 | D:5      | Entered Level 5 of the Dungeon
  4565 | D:5      | Reached XP level 8. HP: 58/58 MP: 8/8
  4856 | D:5      | Found Xosuheko's Book Emporium.
  5958 | D:7      | Found Lecvesm's Magic Scroll Shop.
  6222 | D:7      | Gained mutation: You have a pair of antennae on your head.
                  | [demonic ancestry]
  6222 | D:7      | Reached XP level 9. HP: 56/63 MP: 9/9
  6395 | D:7      | Bought a scroll of noise for 12 gold pieces
  6395 | D:7      | Bought a scroll of identify for 24 gold pieces
  6395 | D:7      | Bought a scroll of enchant weapon for 90 gold pieces
  6395 | D:7      | Bought a scroll of identify for 24 gold pieces
  6395 | D:7      | Bought a scroll of enchant weapon for 90 gold pieces
  6395 | D:7      | Bought a scroll of identify for 24 gold pieces
  6395 | D:7      | Bought a scroll of holy word for 90 gold pieces
  6425 | D:7      | Found a staircase to the Ecumenical Temple.
  6464 | Temple   | Entered the Ecumenical Temple
  6589 | Temple   | Became a worshipper of Nemelex Xobeh the Trickster
  6646 | D:7      | Reached skill level 1 in Invocations
  6717 | D:7      | Reached skill level 2 in Invocations
  6751 | D:7      | Reached skill level 3 in Invocations
  6849 | D:7      | You fall into a shaft and drop 3 floors!
  6849 | D:10     | Entered Level 10 of the Dungeon
  6849 | D:10     | Received a gift from Nemelex Xobeh
  6897 | D:9      | Found a sparkling altar of Nemelex Xobeh.
  6897 | D:9      | Found a transporter.
  6910 | D:9      | Reached skill level 4 in Invocations
  7163 | D:9      | Reached skill level 5 in Invocations
  7288 | D:9      | Reached skill level 6 in Invocations
  7957 | D:10     | Reached * piety under Nemelex Xobeh
  8069 | D:8      | Reached skill level 7 in Invocations
  8069 | D:8      | Gained mutation: You have a pair of large antennae on your
                  | head. (SInv) [demonic ancestry]
  8069 | D:8      | Reached XP level 10. HP: 37/70 MP: 9/15
  8132 | D:8      | Found a staircase to the Lair.
  8230 | D:8      | Received a gift from Nemelex Xobeh
  8341 | D:8      | Noticed a manticore
  8345 | D:8      | Killed a manticore
  8345 | D:8      | Reached skill level 8 in Invocations
  8378 | D:8      | You fall into a shaft and drop 2 floors!
  8416 | D:10     | Found a staircase to the Orcish Mines.
  8518 | D:10     | Reached skill level 9 in Invocations
  8846 | D:8      | Found a transporter.
  8846 | D:8      | Noticed grouchysmurf's ghost (novice OgSk)
  9177 | D:8      | Found a transporter.
  9216 | D:8      | Reached ** piety under Nemelex Xobeh
  9288 | D:7      | Found a stormy altar of Qazlal.
  9288 | D:7      | Found a hide-covered altar of Uskayaw.
  9396 | D:7      | Found a shimmering altar of Xom.
  9396 | D:7      | Noticed emiel's ghost (novice KoHu)
  9396 | D:7      | Noticed a +0 falchion of chaos
  9398 | D:7      | Found a runed translucent door.
  9744 | D:10     | Reached skill level 10 in Invocations
  9831 | D:10     | Noticed an unseen horror
  9841 | D:10     | Killed an unseen horror
  9874 | D:10     | Received a gift from Nemelex Xobeh
 10086 | D:10     | Reached skill level 10 in Shields
 10107 | D:10     | Gained mutation: A demonic guardian rushes to your aid.
                  | [demonic ancestry]
 10107 | D:10     | Reached XP level 11. HP: 59/75 MP: 19/19
 10285 | D:10     | Reached skill level 11 in Invocations
 10467 | Lair:1   | Entered Level 1 of the Lair of Beasts
 10546 | Lair:1   | Reached skill level 10 in Polearms
 10546 | Lair:1   | Reached skill level 12 in Invocations
 10546 | Lair:1   | Gained mutation: You are robust. (+10% HP) [demonic
                  | ancestry]
 10546 | Lair:1   | Reached XP level 12. HP: 75/89 MP: 19/21
 10688 | Lair:1   | Received a gift from Nemelex Xobeh
 10770 | Lair:1   | Reached *** piety under Nemelex Xobeh
 10854 | Lair:1   | Received a gift from Nemelex Xobeh
 11359 | Lair:2   | Got a shimmering scale mail
 11491 | Lair:2   | Reached skill level 5 in Stealth
 11670 | Lair:2   | Received a gift from Nemelex Xobeh
 11809 | Lair:2   | Found a hole to the Spider Nest.
 12139 | Lair:2   | Reached **** piety under Nemelex Xobeh
 12187 | Lair:2   | Identified the cursed +1 scale mail of the Monk {Str+3
                  | Dex+2} (You found it on level 2 of the Lair of Beasts)
 12322 | Lair:3   | Reached skill level 13 in Invocations
 12331 | Lair:3   | Noticed Sonja
 12332 | Lair:3   | Killed Sonja
 12344 | Lair:3   | Noticed a queen ant
 12354 | Lair:3   | Killed a queen ant
 12468 | Lair:3   | Received a gift from Nemelex Xobeh
 12482 | Lair:3   | Found a dark tunnel.
 12709 | Volcano  | Entered a volcano
 12805 | Volcano  | Killed a two-headed ogre
 12823 | Volcano  | Noticed a two-headed ogre
 12831 | Volcano  | Killed a two-headed ogre
 13165 | Volcano  | Reached skill level 14 in Invocations
 13165 | Volcano  | Reached XP level 13. HP: 94/94 MP: 23/23
 13301 | Lair:3   | Found a staircase to the Shoals.
 13521 | Lair:3   | Got a faintly humming ring mail
 14174 | Lair:3   | Reached XP level 14. HP: 94/102 MP: 21/24
 14763 | Lair:4   | Received a gift from Nemelex Xobeh
 15103 | Lair:4   | Reached ***** piety under Nemelex Xobeh
 15421 | Lair:4   | Identified the +4 ring mail "Ecloiz" {rPois MR+ Dex-3 SInv}
                  | (You found it on level 3 of the Lair of Beasts)
 15534 | Lair:5   | Received a gift from Nemelex Xobeh
 15838 | Lair:5   | Reached skill level 1 in Dodging
 16052 | Lair:5   | Received a gift from Nemelex Xobeh
 16207 | Lair:5   | Reached skill level 15 in Invocations
 16563 | Lair:6   | Entered Level 6 of the Lair of Beasts
 16563 | Lair:6   | Noticed Kirke
 16579 | Lair:6   | Killed Kirke
 16612 | Lair:6   | HP: 2/102 [four-headed hydra (5)]
 16613 | Lair:6   | Slain by a four-headed hydra

Levels and vault maps discovered:
D:1:      psy_arrival_fountain, layout_basic
D:2:      layout_basic
D:3:      minmay_goblin_kobold_castle, layout_basic, first_ration,
          cheibrodos_ashenzari_chains
D:4:      kennysheep_spiral_hall, layout_loops_ring
D:5:      layout_cave_pools, serial_shops, shop, minivault_11,
          kennysheep_generic_room_13
D:6:      layout_loops_ring, minmay_misc_feat_cross
D:7:      layout_basic, nicolae_overflow_hidden_temple,
          minmay_temple_entry_mini_moons, ebering_ghost_xom, serial_shops, shop
D:8:      layout_loops_ring, lair_entry_dummy, gammafunk_ghost_mausoleum,
          hangedman_little_slice_of_home
D:9:      layout_long_grid, special_room [special_room_orc],
          grunt_nemelex_the_gamble
D:10:     layout_gridville, minmay_orc_entry_guard_dogs
Temple:   regret_index_temple_chain_breaker
Lair:1:   layout_hall_layers, chequers_serial_rivers_micro_c, lemuel_fruit_tree
Lair:2:   layout_cave_pods, spider_nest_entry_funnel_web
Lair:3:   layout_layer_cave, minmay_shoals_entry_hut, enter_volcano_3,
          zaba_anthell, grunt_megastairs_3, minmay_lair_oklob_chamber,
          uniq_sonja
Lair:4:   layout_hall_layers, grunt_megastairs_1
Lair:5:   layout_cave_pods, st_stairs_5
Lair:6:   due_jungle_book, layout_regular_city, slime_altar_2,
          grunt_megastairs_5, serial_bayou_shore_a, uniq_kirke

Skill      XL: |  1  2  3  4  5  6  7  8  9 10 11 12 13 14 |
---------------+-------------------------------------------+-----
Polearms       | 2 3 4 5 6 7 8 9 10 11 12 | 12.4
Shields        | 3 4 5 6 8 9 10 11 12 | 12.5
Invocations    | 7 10 12 14 15 | 15.1
Stealth        | 4 7 8 |  8.8
Armour         | 3 |  3.9
Dodging        | 2 |  2.4
Fighting       | |  3.0

Action                   |  1- 3 |  4- 6 |  7- 9 | 10-12 | 13-15 || total
-------------------------+-------+-------+-------+-------+-------++-------
Melee: Trident           |   107 |    30 |   353 |   451 |   340 ||  1281
       Spear             |       |   134 |   129 |       |       ||   263
 Abil: Draw Destruction  |       |       |     2 |    14 |     9 ||    25
       Draw Summoning    |       |       |       |       |     1 ||     1
Evoke: Wand              |       |       |       |       |     1 ||     1
  Use: Scroll            |       |     6 |    14 |     9 |     2 ||    31
       Potion            |       |       |       |     2 |       ||     2
 Stab: Distracted        |       |     1 |     6 |     4 |     5 ||    16
       Sleeping          |       |       |       |     1 |     6 ||     7
       Petrified         |       |       |       |       |    10 ||    10
  Eat: Chunk             |       |     7 |    12 |    13 |     8 ||    40
       Ration            |       |       |     2 |     1 |     1 ||     4
Armor: Scale mail        |    31 |    22 |    78 |    53 |    15 ||   199
       Ring mail         |       |       |       |       |    29 ||    29
Dodge: Dodged            |    21 |    25 |    76 |    65 |    47 ||   234
Block: Shield            |    59 |    89 |   284 |   280 |   115 ||   827

Table legend:
 A = Non-vault XP
 B = Vault XP
 C = Vault XP percentage of total XP
 D = Non-vault monster count
 E = Vault monster count
 F = Vault count percentage of total count
                 A         B        C        D         E       F
            +---------+---------+-------+---------+---------+-------
      Total |   30078 |   17399 |  36.6 |     283 |     165 |  36.8
            +---------+---------+-------+---------+---------+-------
        D:1 |      34 |       0 |   0.0 |      20 |       0 |   0.0
        D:2 |     140 |       0 |   0.0 |      17 |       0 |   0.0
        D:3 |      96 |     606 |  86.3 |      10 |      50 |  83.3
        D:4 |     466 |      78 |  14.3 |      21 |       4 |  16.0
        D:5 |     272 |      36 |  11.7 |      13 |       1 |   7.1
        D:6 |    1053 |       0 |   0.0 |      20 |       0 |   0.0
        D:7 |    1107 |       0 |   0.0 |      25 |       0 |   0.0
        D:8 |    1996 |     168 |   7.8 |      31 |       8 |  20.5
        D:9 |     975 |     438 |  31.0 |      19 |      22 |  53.7
       D:10 |    3168 |     622 |  16.4 |      36 |       4 |  10.0
     Temple |     214 |       0 |   0.0 |       5 |       0 |   0.0
     Lair:1 |    1925 |       0 |   0.0 |       9 |       0 |   0.0
     Lair:2 |    3426 |    1261 |  26.9 |      17 |       4 |  19.0
     Lair:3 |    2137 |    6692 |  75.8 |      10 |      49 |  83.1
     Lair:4 |    4355 |    1160 |  21.0 |      10 |       7 |  41.2
     Lair:5 |    7725 |     346 |   4.3 |      19 |       1 |   5.0
     Lair:6 |     989 |    4086 |  80.5 |       1 |       9 |  90.0
    Volcano |       0 |    1906 | 100.0 |       0 |       6 | 100.0
            +---------+---------+-------+---------+---------+-------
